 Dungeon Crawl Stone Soup version 0.32-a0-814-g0968bab981 (webtiles) character file.

Game seed: 7812780442747746022

24 dialectric the Ruffian (level 2, 0/21 HPs)
             Began as a Demonspawn Shapeshifter on Mar 22, 2024.
             Constricted to death by a ball python (1 damage)
             ... on level 1 of the Dungeon.
             The game lasted 00:00:38 (349 turns).

dialectric the Ruffian (Demonspawn Shapeshifter)     Turns: 349, Time: 00:00:38

Health: 0/21       AC:  2    Str: 14    XL:     2   Next: 79%
Magic:  2/2        EV:  1    Int: 10    God:
Gold:   43         SH:  0    Dex: 12    Spells: 1/1 levels left

rFire   . .          .
                       - Unarmed
rCold   . . .        (no shield)
rNeg    . . .        a - +0 animal skin
rPois   .            (helmet currently unavailable)
rElec   .            (cloak currently unavailable)
rCorr   .            (gloves currently unavailable)
SInv    .            (boots currently unavailable)
Will    .....        (no amulet)
Stlth   +            (no ring)
HPRegen 0.23/turn    (no ring)
MPRegen 0.08/turn

%: no passive effects
@: beast-form, constricted
A: beast (slay +1), ignite blood 1
a: Begin Untransformation


You were on level 1 of the Dungeon.
You were a hulking beast.
You visited 1 branch of the dungeon, and saw 1 of its levels.

You collected 43 gold pieces.

Inventory:

Armour
 a - a +0 animal skin (worn)
 f - a +0 chain mail
Talismans
 c - a beast talisman (active)
 d - a flux talisman
Scrolls
 g - a scroll of teleportation {unknown}
 h - a scroll of identify {unknown}
Potions
 b - a potion of lignification
 e - a potion of might {unknown}


   Skills:
 + Level 1.4 Fighting
 + Level 0.2 Armour
 * Level 2.2 Dodging
 * Level 3.0 Unarmed Combat
 + Level 2.8 Shapeshifting


You had one spell level left.
You didn't know any spells.
Your spell library was empty.

Dungeon Overview and Level Annotations

Branches:
Dungeon (1/15)

Altars:

Shops:
D:1 !


Innate Abilities, Weirdness & Mutations

You are a hulking beast.
Your limbs bulge with bestial killing power. (Slay +1)
Your demonic aura sometimes causes spilled blood to erupt in flames.


Message History

The ball python grabs you. The ball python constricts you.
The hobgoblin hits you.
You hit the ball python but do no damage.
The ball python bites you. The ball python constricts you.
A ball python comes into view.
You closely miss the ball python. The hobgoblin hits you.
The ball python bites you. The ball python constricts you.
You are too injured to fight recklessly!
You are too injured to fight recklessly!
You are too injured to fight recklessly!
You are too injured to fight recklessly!
You are too injured to fight recklessly!
You are too injured to fight recklessly!
Unknown command.
The ball python's grasp on you weakens, but your attempt to escape fails.
The ball python bites you. The ball python constricts you.
The hobgoblin hits you.
* * * LOW HITPOINT WARNING * * *
Unknown command.
You escape the ball python's grasp.
A bat comes into view.
There is an open door here.
You open the door.
There is an open door here.
You open the door.
Found Lofug's Distillery.
There is an open door here.
There is an entrance to Lofug's Distillery here.
You open the door. You punch the hobgoblin!
You kill the hobgoblin!
You barely miss the ball python. The ball python misses you.
The ball python closely misses you. The ball python bites you.
* * * LOW HITPOINT WARNING * * *
The ball python grabs you. The ball python constricts you.
* * * LOW HITPOINT WARNING * * *
You completely miss the ball python. The ball python bites you.
* * * LOW HITPOINT WARNING * * *
The ball python constricts you.
You die... ######### ##.......## ##########.).#'#...####### ###...........⌠#'#⌠........# ....#######..###S###.####### ##### ....+ +h+

+.# # ...##.###'###g########
.#. ####....⌠#+#⌠..S#.....#
.....#####.#...#+#....†S.S..#
......†...........)...#^....#
####..##..####....#######b###
##.....###.....## .. #
####...........####..
#.###....÷........


You could see a ball python.

Vanquished Creatures
  2 dart slugs (D:1)
  An endoplasm (D:1)
  A giant cockroach (D:1)
  2 hobgoblins (D:1)
  4 jackals (D:1)
  A quokka (D:1)
  2 ball pythons (D:1)
  A bat (D:1)
  A frilled lizard (D:1)
  2 kobolds (D:1)
  2 rats (D:1)
19 creatures vanquished.

Notes
Turn   | Place    | Note
-------+----------+-------------------------------------------
     0 | D:1      | dialectric the Demonspawn Shapeshifter began the quest for
                  | the Orb.
     0 | D:1      | Reached XP level 1. HP: 15/15 MP: 1/1
   106 | D:1      | Gained mutation: Your demonic aura sometimes causes spilled
                  | blood to erupt in flames. [demonic ancestry]
   106 | D:1      | Reached XP level 2. HP: 21/21 MP: 2/2
   194 | D:1      | Reached skill level 3 in Unarmed Combat
   343 | D:1      | Found Lofug's Distillery.
   349 | D:1      | HP: 1/21 [ball python (1)]
   349 | D:1      | Constricted to death by a ball python

Illustrated notes

Levels and vault maps discovered:
D:1:      minmay_arrival_five_plusses, layout_rooms, serial_shops,
          nicolae_shop_real_fake_doors, nicolae_shop_statue_plus

Skill      XL: |  1  2 |
---------------+-------+-----
Dodging        | 2 |  2.2
Unarmed Combat | 3 |  3.0
Fighting       | |  1.4
Armour         | |  0.2
Shapeshifting  | |  2.8

Action                     || total
---------------------------++-------
  Melee: Unarmed           ||    57
         Punch             ||     1
 Armour: Animal skin       ||    44
  Dodge: Dodged            ||    41

Table legend: (Time is in decaauts)
 A = Elapsed time spent in this place.
 B = Non-inter-level travel time spent in this place.
 C = Inter-level travel time spent in this place.
 D = Time resting spent in this place.
 E = Time spent auto-exploring this place.
 F = Levels seen in this place.
 G = Mean time per level.
                   A        B        C        D        E       F      G
               +--------+--------+--------+--------+--------+-----+--------+
         Total |    345 |    345 |      0 |      0 |    217 |   1 |  345.0 |
       Dungeon |    345 |    345 |      0 |      0 |    217 |   1 |  345.0 |
               +--------+--------+--------+--------+--------+-----+--------+

Top non-repeatable levels by time:
     D:1: 345 daAuts
